 Dungeon Crawl Stone Soup version 0.29-a0-838-g385bb11a5b (webtiles) character file.

Game seed: 10621584676590121259

16657 avis the Skirmisher (level 11, -6/94 HPs)
             Began as a Demigod Ice Elementalist on July 13, 2022.
             Mangled by a cane toad (19 damage)
             ... on level 2 of the Lair of Beasts.
             The game lasted 01:52:26 (15313 turns).

avis the Skirmisher (Demigod Ice Elementalist)     Turns: 15313, Time: 01:52:54

Health: -6/94      AC: 13    Str:  9    XL:     11   Next: 83%
Magic:  17/22      EV: 13    Int: 17    God:
Gold:   663        SH:  0    Dex: 32    Spells: 11/20 levels left

rFire   . . .      SeeInvis .   a - +0 falchion
rCold   . . .      Faith    .   (no shield)
rNeg    . . .      Spirit   .   X - +0 steam dragon scales
rPois   .          Reflect  .   h - +2 hat
rElec   .          Harm     .   (no cloak)
rCorr   .          Rampage  .   u - +1 pair of gloves
Will    +....                   (no boots)
Stlth   +++.......              c - amulet of the acrobat
HPRegen 0.25/turn               l - +6 ring of dexterity
MPRegen 0.18/turn               G - +4 ring of protection

@: very slightly contaminated
A: high MP 1, forlorn, divine attributes
a: no special abilities


You were on level 2 of the Lair of Beasts.
You visited 3 branches of the dungeon, and saw 11 of its levels.
You also visited: Sewer and Bailey.

You collected 663 gold pieces.

Inventory:

Hand Weapons
 a - a +0 falchion (weapon)
 b - a +0 shortbow
 w - a +2 rapier of holy wrath
Missiles
 k - 38 poisoned darts
 O - 5 datura-tipped darts
Armour
 h - a +2 hat (worn)
 u - a +1 pair of gloves (worn)
 X - +0 steam dragon scales (worn)
Jewellery
 c - an amulet of the acrobat (around neck)
 l - a +6 ring of dexterity (left hand)
 G - a +4 ring of protection (right hand)
Wands
 D - a wand of paralysis (18)
 F - a wand of digging (6)
 L - a wand of flame (17)
Scrolls
 e - a scroll of enchant armour {unknown}
 i - a scroll of identify
 j - a scroll of brand weapon {unknown}
 n - 6 scrolls of magic mapping
 q - 3 scrolls of fog
 r - a scroll of vulnerability
 x - 8 scrolls of teleportation
 z - 5 scrolls of fear
 C - 3 scrolls of blinking
 J - a scroll of poison {unknown}
 R - a scroll of torment {unknown}
Potions
 d - a potion of curing
 f - a potion of attraction {unknown}
 g - a potion of cancellation
 m - 5 potions of invisibility
 o - 5 potions of magic
 p - 2 potions of haste
 t - 7 potions of flight
 v - 3 potions of mutation
 B - 3 potions of heal wounds
 E - 3 potions of might
 H - 2 potions of resistance
 N - a potion of ambrosia


   Skills:
 - Level 8.0 Fighting
 - Level 6.0 Long Blades
 * Level 12.4 Ranged Weapons
 - Level 2.0 Armour
 - Level 2.0 Dodging
 - Level 2.0 Stealth
 - Level 5.0 Spellcasting
 - Level 8.0 Ice Magic


You had 11 spell levels left.
You knew the following spells:

 Your Spells              Type           Power      Damage    Failure   Level
a - Freeze                Ice            100%       1d11      1%          1
e - Ensorcelled Hibernat  Hex/Ice        34%        N/A       4%          2
o - Ozocubu's Armour      Ice            31%        N/A       1%          3
r - Frozen Ramparts       Ice            62%        1d8       1%          3

Your spell library contained the following spells:

 Spells                   Type           Power      Damage    Failure   Level
 Apportation              Tloc           8%         N/A       14%         1
 Necrotise                Necr           16%        1d4       14%         1
 Summon Small Mammal      Summ           16%        N/A       14%         1
 Hailstorm                Conj/Ice       17%        3d6       26%         4
 Ice Form                 Ice/Tmut       17%        N/A       26%         4
 Summon Ice Beast         Ice/Summ       17%        N/A       26%         4
 Call Canine Familiar     Summ           4%         N/A       38%         3
 Dazzling Flash           Conj/Hex       8%         N/A       38%         3
 Ignite Poison            Fire/Tmut/Pois 4%         N/A       38%         3
 Mephitic Cloud           Conj/Pois/Air  4%         N/A       38%         3
 Portal Projectile        Hex/Tloc       8%         N/A       38%         3
 Spider Form              Tmut/Pois      4%         N/A       38%         3
 Anguish                  Hex/Necr       2%         N/A       80%         4
 Animate Dead             Necr           4%         N/A       80%         4
 Iskenderun's Mystic Bla  Conj/Tloc      4%         2d3       80%         4
 Leda's Liquefaction      Hex/Erth       2%         N/A       80%         4
 Olgreb's Toxic Radiance  Pois           4%         N/A       80%         4
 Freezing Cloud           Conj/Ice/Air   6%         6-21      80%         5
 Ozocubu's Refrigeration  Ice            15%        4d8       99%         7
 Starburst                Conj/Fire      2%         6d3       100%        6
 Haunt                    Necr/Summ      2%         N/A       100%        7
 Ignition                 Fire           2%         3d3       100%        8
 Infestation              Necr           2%         N/A       100%        8


Dungeon Overview and Level Annotations

Branches:
Dungeon (8/15)             Temple (1/1) D:7            Lair (2/6) D:8
  Swamp (0/4) Lair:2        Snake (0/4) Lair:2        Sewer (visited)
 Bailey (visited)

Annotations:
D:3 1 runed translucent door, exclusion: door, Crazy Yiuf
D:6 2 transporters, xian's ghost, novice OpBr


Innate Abilities, Weirdness & Mutations

You have an increased reservoir of magic. (+10% MP)
You shall have no god before yourself.
Your divine heritage dramatically boosts your attributes as you level up.


Message History

The cane toad poisons you!
You feel better.
a - a +0 falchion (weapon)
The cane toad stings you but does no damage.
Casting: Freeze (safe; 1% risk of failure)
Confirm with . or Enter, or press ? or * to list all spells.
Aiming: Ensorcelled Hibernation (safe; 4% risk of failure)
Press: ? - help, Shift-Dir - straight line, f/p - cane toad
Aim: a cane toad (almost dead, slow, chance to affect: 50%)
The cane toad looks drowsy...
Your icy armour starts to melt.
The helpless cane toad fails to defend itself.
You hit the cane toad but do no damage.
The cane toad is almost dead.
The cane toad barely misses you.
You closely miss the cane toad.
The cane toad is almost dead.
The boulder beetle leaps!
The cane toad completely misses you.
You hit the cane toad but do no damage.
The cane toad is almost dead.
You closely miss the cane toad.
The cane toad is almost dead.
The cane toad barely misses you.
You hit the cane toad.
You kill the cane toad!
The cane toad closely misses you.
You slash the cane toad!
The cane toad is moderately wounded.
Your icy armour evaporates.
The cane toad stings you!!
* * * LOW HITPOINT WARNING * * *
Casting: Ensorcelled Hibernation (safe; 4% risk of failure)
Confirm with . or Enter, or press ? or * to list all spells.
Aiming: Ensorcelled Hibernation (safe; 4% risk of failure)
Press: ? - help, Shift-Dir - straight line, f - cane toad
Aim: a cane toad (moderately wounded, chance to affect: 50%)
You miscast Ensorcelled Hibernation.
You are very lightly contaminated with residual magic.
Nothing appears to happen.
The cane toad stings you!!
You die...

......# ##...##
.....## #>....#
.....# #....>#
.....# #>....#
.....## ##...##
......# ##∩##
.....## ♣♣.♣
......# #♣.♣♣
.....## #@♣♣
.....# #♣F♣
.....# ♣F♣
.....# ♣B♣
...†.##### ♣k♣
....###..### ...
..###..##..###
♣♣.
..#..##..##..###
...##..##..##†.#
############


You could see a boulder beetle, 2 cane toads and a rime drake.

Vanquished Creatures
  A hydra (Lair:2)
  Pikel (D:7)
  Joseph (D:8)
  3 black mambas
  8 cane toads
  3 komodo dragons (Lair:1)
  7 hornets (Lair:2)
  Prince Ribbit (D:7)
  6 blink frogs (Lair:2)
  Sigmund (D:3)
  10 yaks (Lair:1)
  3 steam dragons
  3 wyverns (Lair:2)
  Eustachio (D:4)
  5 nagas (Lair:2)
  8 water moccasins
  Duvessa (D:7)
  Pargi (D:4)
  An ice beast (D:7)
  5 orc warriors
  A black bear (D:4)
  6 wolves (Lair:2)
  A sky beast (D:7)
  A lemure (D:7)
  5 kobold brigands
  11 bullfrogs
  3 necrophages
  3 scorpions
  4 wights
  Dowan (D:7)
  2 howler monkeys (D:6)
  2 hounds
  6 orc priests
  A gnoll bouda (D:4)
  3 jellies
  Ijyb (D:4)
  4 iguanas
  7 orc wizards
  Natasha (thrice) (D:2)
  Terence (D:2)
  13 adders
  12 gnolls
  6 river rats (Sewer)
  A shadow imp (D:6)
  An adder zombie (D:2)
  A dart slug (D:4)
  3 worms
  45 orcs
  12 ball pythons
  2 bat zombies (D:2)
  8 endoplasms
  2 giant cockroaches
  9 goblins
  4 hobgoblins
  6 jackals
  9 quokkas
  12 bats
  5 frilled lizards
  23 kobolds
  A quokka skeleton (D:2)
  5 rats
316 creatures vanquished.

Vanquished Creatures (others)
  10 fungi
  8 plants (Lair:1)
  A withered plant (D:2)
19 creatures vanquished.

Grand Total: 335 creatures vanquished

Notes
Turn   | Place    | Note
-------+----------+-------------------------------------------
     0 | D:1      | avis the Demigod Ice Elementalist began the quest for the
                  | Orb.
     0 | D:1      | Reached XP level 1. HP: 14/14 MP: 5/5
   393 | D:1      | Reached skill level 1 in Fighting
   510 | D:1      | Reached XP level 2. HP: 15/23 MP: 1/7
  1704 | D:2      | Reached XP level 3. HP: 25/29 MP: 8/8
  1810 | D:2      | Noticed Terence
  2036 | D:2      | Noticed Natasha
  2049 | D:2      | Killed Natasha
  2051 | D:2      | Reached skill level 1 in Armour
  2295 | D:2      | Noticed Natasha
  2305 | D:2      | Killed Natasha
  2306 | D:2      | Reached XP level 4. HP: 15/36 MP: 3/9
  2589 | D:2      | Noticed Natasha
  2596 | D:2      | Learned a level 3 spell: Ozocubu's Armour
  2600 | D:2      | Learned a level 3 spell: Frozen Ramparts
  2603 | D:2      | Killed Natasha
  2604 | D:2      | Reached skill level 1 in Ranged Weapons
  2734 | D:2      | Killed Terence
  2735 | D:2      | Reached skill level 2 in Ranged Weapons
  3385 | D:3      | Noticed Sigmund
  3404 | D:3      | Killed Sigmund
  3405 | D:3      | Reached XP level 5. HP: 21/45 MP: 1/11
  3405 | D:3      | Reached XP level 6. HP: 24/51 MP: 1/12
  3892 | D:3      | Found a runed translucent door.
  3893 | D:3      | Noticed Crazy Yiuf
  4404 | D:4      | Found a glowing drain.
  4413 | Sewer    | Entered a sewer
  4877 | Sewer    | Reached skill level 5 in Ice Magic
  5213 | D:4      | Noticed Eustachio
  5221 | D:4      | Noticed Ijyb
  5223 | D:4      | Killed Eustachio
  5224 | D:4      | Reached skill level 3 in Ranged Weapons
  5224 | D:4      | Reached XP level 7. HP: 52/57 MP: 2/14
  5231 | D:4      | Killed Ijyb
  5237 | D:4      | Reached skill level 4 in Ranged Weapons
  5824 | D:4      | Noticed Pargi
  5836 | D:4      | Killed Pargi
  6324 | D:5      | Entered Level 5 of the Dungeon
  6667 | D:5      | Reached XP level 8. HP: 66/66 MP: 12/16
  7374 | D:6      | Reached skill level 5 in Ranged Weapons
  7717 | D:6      | Reached skill level 6 in Ranged Weapons
  7780 | D:6      | Found a transporter.
  7780 | D:6      | Noticed xian's ghost (novice OpBr)
  7797 | D:6      | Found a transporter.
  7985 | D:6      | Identified the +9 quarterstaff of Owelep {pain, Fly rN+}
  8437 | D:7      | Noticed Duvessa
  8441 | D:7      | Noticed Dowan
  8445 | D:7      | Killed Duvessa
  8446 | D:7      | Reached skill level 5 in Long Blades
  8446 | D:7      | Reached XP level 9. HP: 61/71 MP: 12/18
  8453 | D:7      | Killed Dowan
  8724 | D:7      | Found a staircase to the Ecumenical Temple.
  8955 | D:7      | Noticed Prince Ribbit
  8962 | D:7      | Killed Prince Ribbit
  8963 | D:7      | Reached skill level 5 in Fighting
  9223 | D:7      | Noticed Pikel
  9235 | D:7      | Killed Pikel
  9236 | D:7      | Reached skill level 5 in Spellcasting
  9683 | Temple   | Entered the Ecumenical Temple
  9683 | Temple   | Found a transporter.
  9683 | Temple   | Found a transporter.
  9689 | Temple   | Found a transporter.
  9689 | Temple   | Found a transporter.
  9840 | D:8      | Found a flagged portal.
 10063 | Bailey   | Entered a bailey
 10784 | D:8      | Reached skill level 7 in Ranged Weapons
 10878 | D:8      | Found a staircase to the Lair.
 10889 | D:8      | Reached XP level 10. HP: 76/78 MP: 18/21
 10934 | D:8      | Noticed Joseph
 11018 | D:8      | Killed Joseph
 11019 | D:8      | Reached skill level 8 in Ranged Weapons
 11872 | Lair:1   | Entered Level 1 of the Lair of Beasts
 12622 | Lair:1   | Reached skill level 9 in Ranged Weapons
 12891 | Lair:1   | Reached skill level 10 in Ranged Weapons
 13366 | Lair:1   | Noticed a black mamba
 13375 | Lair:1   | Killed a black mamba
 13376 | Lair:1   | Reached XP level 11. HP: 91/91 MP: 13/22
 13715 | Lair:2   | Found a staircase to the Swamp.
 13947 | Lair:2   | Found a staircase to the Snake Pit.
 14020 | Lair:2   | Reached skill level 11 in Ranged Weapons
 14109 | Lair:2   | Paralysed by a hornet for 1 turns
 14111 | Lair:2   | Paralysed by a hornet for 1 turns
 14512 | Lair:2   | Learned a level 2 spell: Ensorcelled Hibernation
 14547 | Lair:2   | Noticed a six-headed hydra
 14565 | Lair:2   | Killed a six-headed hydra
 14566 | Lair:2   | Reached skill level 12 in Ranged Weapons
 15268 | Lair:2   | Noticed a boulder beetle
 15313 | Lair:2   | Mangled by a cane toad

Illustrated notes

Levels and vault maps discovered:
D:1:      dpeg_arrival_triangle_fractal, layout_basic, kennysheep_doodads
D:2:      layout_basic, serial_undead, serial_undead_e, serial_undead_d,
          serial_undead_b, serial_undead_b,
          hellmonk_ecumenical_altar_crossroads, uniq_natasha, uniq_terence
D:3:      layout_basic, nicolae_elevator_lobby_plus, uniq_sigmund,
          uniq_crazy_yiuf_cottage
D:4:      layout_loops_ring, portal_sewer_entry_d, serial_aquarium,
          aquarium_bridge_straight [aquarium_subvault_bridge,
          aquarium_subvault_wall, aquarium_subvault_bridge,
          aquarium_subvault_wall], aquarium_window_fake, aquarium_window_corner,
          aquarium_window_fake, aquarium_view_2c, aquarium_balcony_1a,
          uniq_ijyb, uniq_pargi, uniq_eustachio
D:5:      layout_rooms, chequers_decorated_corner
D:6:      layout_basic, gammafunk_ghost_arena
D:7:      layout_basic, minmay_temple_entry_glassed_door, uniq_prince_ribbit1,
          uniq_pikel, uniq_duvessa
D:8:      layout_basic, mainiacjoe_overflow_big_doors, lair_entry_dummy,
          enter_bailey_5, uniq_joseph
Temple:   hellmonk_temple_divided_pantheon
Lair:1:   layout_roguey, nicolae_quartered_pool_super, serial_bayou_crossing
Lair:2:   nzn_winding_woodlands_stair_trap [nzn_winding_woodlands_5x15_eye,
          nzn_winding_woodlands_5x15_pathside_ponds,
          nzn_winding_woodlands_5x15_pool, nzn_winding_woodlands_15x15_killbox,
          nzn_winding_woodlands_5x15_split_checker,
          nzn_winding_woodlands_5x15_sawtooth,
          nzn_winding_woodlands_5x15_longhouse], layout_big_grid,
          swamp_mist_pool, minmay_snake_entry_guardpost_medium,
          dreamdust_wasp_nest

Skill      XL: |  1  2  3  4  5  6  7  8  9 10 11 |
---------------+----------------------------------+-----
Fighting       | 1 2 3 4 5 6 8 |  8.0
Spellcasting   | 2 3 4 5 |  5.0
Ice Magic      | 4 5 6 7 8 |  8.0
Stealth        | 2 |  2.0
Dodging        | 2 |  2.0
Armour         | 2 |  2.0
Ranged Weapons | 2 3 4 6 7 10 12 | 12.4
Long Blades    | 2 4 5 6 |  6.0

Action                   |  1- 3 |  4- 6 |  7- 9 | 10-12 || total
-------------------------+-------+-------+-------+-------++-------
Melee: Short sword       |     6 |       |       |       ||     6
       Falchion          |    24 |       |     4 |     6 ||    34
       Punch             |     1 |       |       |       ||     1
       Rapier            |       |       |    20 |       ||    20
 Fire: Sling             |     4 |   127 |   104 |       ||   235
       Shortbow          |       |       |   154 |   283 ||   437
 Cast: Freeze            |    49 |    44 |    48 |    56 ||   197
       Ozocubu's Armour  |       |    11 |    37 |    28 ||    76
       Frozen Ramparts   |       |     8 |    28 |    36 ||    72
       Ensorcelled Hiber |       |       |       |     2 ||     2
  Use: Scroll            |       |       |     9 |     5 ||    14
       Potion            |       |       |       |     5 ||     5
 Stab: Sleeping          |     3 |       |       |     1 ||     4
Armor: Robe              |    14 |    32 |    14 |       ||    60
       Troll leather arm |       |       |    71 |       ||    71
       Steam dragon scal |       |       |    23 |    92 ||   115
Dodge: Dodged            |    58 |    58 |   145 |   177 ||   438

Table legend: (Time is in decaauts)
 A = Elapsed time spent in this place.
 B = Non-inter-level travel time spent in this place.
 C = Inter-level travel time spent in this place.
 D = Time resting spent in this place.
 E = Time spent auto-exploring this place.
 F = Levels seen in this place.
 G = Mean time per level.
                   A        B        C        D        E       F      G
               +--------+--------+--------+--------+--------+-----+--------+
         Total |  15514 |  14324 |   1190 |   6103 |   4720 |  13 | 1193.4 |
       Dungeon |  10462 |   9397 |   1065 |   3451 |   4082 |   8 | 1307.8 |
        Temple |    121 |    121 |      0 |      0 |      0 |   1 |  121.0 |
          Lair |   3442 |   3317 |    125 |   1979 |    637 |   2 | 1721.0 |
         Sewer |    851 |    851 |      0 |    362 |      0 |   1 |  851.0 |
        Bailey |    637 |    637 |      0 |    311 |      0 |   1 |  637.0 |
               +--------+--------+--------+--------+--------+-----+--------+

Top non-repeatable levels by time:
  Lair:1: 1746 daAuts
  Lair:2: 1695 daAuts
     D:1: 1654 daAuts
     D:2: 1625 daAuts
     D:7: 1484 daAuts
     D:4: 1375 daAuts
     D:6: 1324 daAuts
     D:8: 1254 daAuts
     D:3: 1031 daAuts
   Sewer: 851 daAuts
     D:5: 711 daAuts
  Bailey: 637 daAuts
  Temple: 121 daAuts
